 Dungeon Crawl Stone Soup version 0.28-a0-105-g49a0850c41 (webtiles) character file.

Game seed: 3015548769461234951

133 Atlas the Ruffian (level 4, 0/35 HPs)
             Began as a Draconian Transmuter on Aug 12, 2021.
             Slain by Natasha (3 damage)
             ... on level 2 of the Dungeon.
             The game lasted 00:01:46 (2562 turns).

Atlas the Ruffian (Draconian Transmuter)            Turns: 2562, Time: 00:01:47

Health: 0/35       AC:  6    Str: 12    XL:     4   Next: 94%
Magic:  2/7        EV: 12    Int: 15    God:
Gold:   72         SH:  0    Dex: 11    Spells: 2/8 levels left

rFire   + . .      SeeInvis .     - Unarmed
rCold   + . .      Faith    .   (no shield)
rNeg    . . .      Spirit   .   (armour unavailable)
rPois   +          Reflect  .   (helmet restricted)
rElec   +          Harm     .   h - +0 cloak
rCorr   +          Rampage  .   (no gloves)
Will    .....                   (no boots)
Stlth   +.........              (no amulet)
HPRegen 0.11/turn               (no ring)
MPRegen 0.10/turn               (no ring)

@: mighty, resistant, very slightly contaminated, slowed, very slow
A: AC +5, unfitting armour, cold-blooded
a: no special abilities


You were on level 2 of the Dungeon.
You visited 1 branch of the dungeon, and saw 2 of its levels.

You collected 72 gold pieces.

Inventory:

Armour
 h - a +0 cloak (worn)
Scrolls
 a - a scroll of teleportation {unknown}
 b - a scroll of noise {unknown}
 d - a scroll of identify {unknown}
 f - a scroll of fog {unknown}
Potions
 g - a potion of curing {unknown}


   Skills:
 + Level 1.2 Fighting
 + Level 2.7 Dodging
 + Level 4.4 Unarmed Combat
 + Level 2.6 Spellcasting
 + Level 2.5 Transmutations
 + Level 0.1 Poison Magic


You had 2 spell levels left.
You knew the following spells:

 Your Spells              Type           Power      Damage    Failure   Level
a - Beastly Appendage     Tmut           18%        N/A       8%          1
b - Wereblood             Tmut           9%         N/A       11%         2
c - Spider Form           Tmut/Pois      2%         N/A       36%         3

Your spell library contained the following spells:

 Spells                   Type           Power      Damage    Failure   Level
 Sting                    Tmut/Pois      20%        1d4       12%         1
 Poisonous Vapours        Pois/Air       4%         N/A       30%         2
 Sublimation of Blood     Necr           0%         N/A       32%         2
 Ozocubu's Armour         Ice            1%         N/A       54%         3
 Ice Form                 Ice/Tmut       5%         N/A       77%         4
 Olgreb's Toxic Radiance  Pois           2%         N/A       89%         4
 Metabolic Englaciation   Hex/Ice        0%         N/A       99%         5
 Simulacrum               Ice/Necr       0%         N/A       100%        6
 Summon Hydra             Summ           0%         N/A       100%        7


Dungeon Overview and Level Annotations

Branches:
Dungeon (2/15)

Altars:
The Shining One

Annotations:
D:2 Natasha


Innate Abilities, Weirdness & Mutations

Your plain brown scales are hard. (AC +5)
You cannot fit into any form of body armour.
You are cold-blooded and may be slowed by cold attacks.


Message History

Natasha casts a spell at you. You resist with some effort.
The crimson imp hits you.
You hit Natasha. You claw Natasha.
Natasha is severely wounded.
Your horns disappear.
Your talons disappear.
Natasha splashes around in the water.
The crimson imp closely misses you.
You barely miss Natasha.
Natasha is severely wounded.
Natasha misses you.
The crimson imp blinks!
Your unstable footing causes you to fumble your attack.
Natasha closely misses you.
Natasha stares at you and mumbles some strange words.
The magic dart hits you!
* * * LOW HITPOINT WARNING * * *
You barely miss Natasha.
Natasha is severely wounded.
You feel yourself speed up. Natasha claws you.
* * * LOW HITPOINT WARNING * * *
You barely miss Natasha.
Natasha is severely wounded.
Natasha casts a spell.
You hit Natasha but do no damage.
Natasha is severely wounded.
Natasha splashes around in the water.
Unknown command.
You aren't carrying any items that you can evoke.
It was a potion of resistance.
You feel protected. Natasha casts a spell at you.
You feel yourself slow down. The crimson imp closely misses you.
It was a potion of might.
You feel very mighty all of a sudden. Natasha claws you.
* * * LOW HITPOINT WARNING * * *
The crimson imp hits you but does no damage.
The crimson imp hits you.
* * * LOW HITPOINT WARNING * * *
Natasha claws you.
You die...

###### ##≈≈≈≈# #####≈≈≈### ≈
###≈≈≈≈≈≈≈≈≈#####≈≈≈≈
#≈≈≈≈#####≈≈5@h≈≈≈≈# ###≈≈#
###≈≈5##### #≈≈≈########### ####
#####≈≈≈≈≈# ....
#≈≈≈≈≈############
###≈≈#######≈≈≈≈≈≈.#
#≈≈≈#≈≈≈≈≈≈≈≈≈≈###.#############
##################.##...........
#.............#.....


You could see Natasha and 2 crimson imps.

Vanquished Creatures
  Natasha (twice) (D:2)
  A gnoll (D:1)
  An adder (D:2)
  3 worms (D:2)
  2 dart slugs (D:1)
  4 bats
  7 endoplasms
  A giant cockroach (D:1)
  4 goblins
  4 hobgoblins
  6 jackals
  2 kobolds (D:1)
  4 ball pythons
  5 frilled lizards (D:1)
  4 rats
50 creatures vanquished.

Notes
Turn   | Place    | Note
-------+----------+-------------------------------------------
     0 | D:1      | Atlas the Draconian Transmuter began the quest for the Orb.
     0 | D:1      | Reached XP level 1. HP: 16/16 MP: 3/3
    61 | D:1      | Reached XP level 2. HP: 11/23 MP: 3/5
   591 | D:1      | Reached XP level 3. HP: 28/28 MP: 4/6
   620 | D:1      | Learned a level 2 spell: Wereblood
   624 | D:1      | Learned a level 3 spell: Spider Form
  1405 | D:2      | Reached XP level 4. HP: 33/35 MP: 5/7
  1420 | D:2      | Reached skill level 4 in Unarmed Combat
  1742 | D:2      | Found a glowing golden altar of the Shining One.
  1957 | D:2      | Noticed Natasha
  1968 | D:2      | Killed Natasha
  2329 | D:2      | Noticed Natasha
  2336 | D:2      | Killed Natasha
  2538 | D:2      | Noticed Natasha
  2562 | D:2      | Slain by Natasha

Illustrated notes

Levels and vault maps discovered:
D:1:      psy_arrival_dodecagon, layout_rooms
D:2:      layout_loops_ring, basic_altar, amcnicky_mini_pool_small,
          chequers_serial_rivers_large_b, uniq_natasha

Skill      XL: |  1  2  3  4 |
---------------+-------------+-----
Dodging        | 2 |  2.7
Unarmed Combat | 4 |  4.4
Fighting       | |  1.2
Spellcasting   | |  2.6
Transmutations | |  2.5
Poison Magic   | |  0.1

Action                   |  1- 3 |  4- 6 || total
-------------------------+-------+-------++-------
Melee: Unarmed           |   105 |    58 ||   163
       Tailslap          |    13 |     3 ||    16
       Headbutt          |    12 |     3 ||    15
       Kick              |    12 |     9 ||    21
       Punch             |       |     1 ||     1
 Cast: Beastly Appendage |    19 |    10 ||    29
       Spider Form       |       |     1 ||     1
  Use: Potion            |       |     2 ||     2
Armor: Skin              |    50 |     9 ||    59
Dodge: Dodged            |    79 |    26 ||   105

Table legend: (Time is in decaauts)
 A = Elapsed time spent in this place.
 B = Non-inter-level travel time spent in this place.
 C = Inter-level travel time spent in this place.
 D = Time resting spent in this place.
 E = Time spent auto-exploring this place.
 F = Levels seen in this place.
 G = Mean time per level.
                   A        B        C        D        E       F      G
               +--------+--------+--------+--------+--------+-----+--------+
         Total |   2582 |   2580 |      2 |    532 |   1693 |   2 | 1291.0 |
       Dungeon |   2582 |   2580 |      2 |    532 |   1693 |   2 | 1291.0 |
               +--------+--------+--------+--------+--------+-----+--------+

Top non-repeatable levels by time:
     D:2: 1517 daAuts
     D:1: 1065 daAuts
